 Dungeon Crawl Stone Soup version 0.19.1 (webtiles) character file.

231 mashimarik the Chopper (level 5, -4/48 HPs)
             Began as a Minotaur Berserker on Dec 2, 2016.
             Was a Believer of Trog.
             Slain by dscm's ghost (7 damage)
             ... on level 6 of the Dungeon.
             The game lasted 00:16:29 (3540 turns).

mashimarik the Chopper (Minotaur Berserker)         Turns: 3540, Time: 00:16:31

Health: -4/48      AC:  8    Str: 23    XL:     5   Next: 73%
Magic:  4/4        EV:  7    Int:  4    God:    Trog [**....]
Gold:   169        SH:  2    Dex:  9    Spells: 0 memorised, 4 levels left

rFire  . . .     SeeInvis .     a - +0 hand axe
rCold  . . .     Gourm    .     e - +0 chain mail
rNeg   . . .     Faith    .     m - +0 buckler
rPois  .         Spirit   .     (helmet restricted)
rElec  .         Reflect  .     (no cloak)
rCorr  .         Harm     .     (no gloves)
MR     ++...                    (no boots)
Stlth  ..........               (no amulet)
                                (no ring)
                                (no ring)

@: exhausted, regenerating, slowed, very heavily drained, very slow
A: retaliatory headbutt, horns 2
a: Berserk, Trog's Hand, Burn Spellbooks, Renounce Religion


You were on level 6 of the Dungeon.
You worshipped Trog.
Trog was pleased with you.
You were very hungry.

You visited 1 branch of the dungeon, and saw 5 of its levels.

You collected 169 gold pieces.

Inventory:

Hand Weapons
 a - a +0 hand axe (weapon)
Armour
 b - a +0 animal skin
 e - a +0 chain mail (worn)
 m - a +0 buckler (worn)
Scrolls
 d - 3 scrolls of blinking
 f - 3 scrolls of magic mapping {unknown}
 h - 6 scrolls of identify {unknown}
 i - 3 scrolls of remove curse {unknown}
 j - a scroll of amnesia {unknown}
 p - a scroll of enchant weapon {unknown}
 q - a scroll of random uselessness {unknown}
Potions
 g - 4 potions of haste {unknown}
 o - 3 potions of curing {unknown}
 r - a potion of flight {unknown}
 s - a potion of lignification {unknown}
 t - a potion of cure mutation {unknown}
 u - a potion of resistance {unknown}
Comestibles
 c - 2 bread rations
 k - a fruit
 l - 4 meat rations
 n - a beef jerky


   Skills:
 + Level 5.2(1.3) Fighting
 + Level 5.5(1.6) Axes
 + Level 4.5(0.7) Armour
 - Level 2.3(0.0) Dodging


You had 4 spell levels left.
You didn't know any spells.

Dungeon Overview and Level Annotations

Branches:
Dungeon (4/15)
 Temple: D:4-7

Altars:

Annotations:
D:3 Philosophy's ghost, amateur HOFi
D:6 dscm's ghost, novice OpWz


Innate Abilities, Weirdness & Mutations

You reflexively headbutt those who attack you in melee.
You have a pair of horns on your head.


Message History

You feel drained. You block the shadow imp's attack.
You closely miss dscm's ghost.
Dscm's ghost is heavily damaged.
Your chain mail prevents you from hitting the shadow imp.
Dscm's ghost hits you.
* * * LOW HITPOINT WARNING * * *
You feel drained.
The shadow imp hits you but does no damage.
The crimson imp blinks!
Dscm's ghost hits you.
* * * LOW HITPOINT WARNING * * *
You feel drained.
The shadow imp hits you but does no damage.
Your skin crawls.
You feel resistant to hostile enchantments.
You feel somewhat more hungry.
Dscm's ghost hits you but does no damage.
You feel drained. The shadow imp hits you.
* * * LOW HITPOINT WARNING * * *
Dscm's ghost hits you!
You die...

####### ......#######
### ...........(. ..#
.####.###### #.#
####...### #.# #......#
#.# #....#.# #.#
#.#.##.##########.###
....#.##.......5@W55..#
......#############.#.#
####### ###§#.#####
#.§h§.$.... #.#.#......
#.#W####.## . ..# .# ..
.5) .# ...#


You could see dscm's ghost and 3 shadow imps.

Vanquished Creatures
  An ogre (D:4)
  2 orc wizards (D:4)
  2 adders
  2 worms (D:2)
  A dart slug (D:3)
  A leopard gecko (D:2)
  5 orcs
  A ball python (D:3)
  5 giant cockroaches
  11 goblins
  5 hobgoblins
  8 bats
  6 frilled lizards
  7 kobolds
  4 rats
61 creatures vanquished.

Notes
Turn   | Place    | Note
-------+----------+-------------------------------------------
     0 | D:1      | mashimarik the Minotaur Berserker began the quest for the Orb.
     0 | D:1      | Reached XP level 1. HP: 19/19 MP: 0/0
   491 | D:1      | Reached XP level 2. HP: 27/27 MP: 1/1
   715 | D:2      | Reached XP level 3. HP: 22/33 MP: 2/2
   779 | D:2      | Reached ** piety under Trog
  1784 | D:3      | Reached XP level 4. HP: 40/40 MP: 3/3
  2434 | D:3      | Noticed Philosophy's ghost (amateur HOFi)
  2449 | D:3      | HP: 2/41 [Philosophy's ghost (1)]
  3206 | D:4      | Reached skill level 5 in Axes
  3210 | D:4      | Reached XP level 5. HP: 41/47 MP: 4/4
  3318 | D:4      | Noticed an ogre
  3324 | D:4      | Killed an ogre
  3324 | D:4      | Reached skill level 5 in Fighting
  3447 | D:4      | You fall through a shaft for 2 floors!
  3504 | D:6      | Noticed a black bear
  3510 | D:6      | Noticed dscm's ghost (novice OpWz)
  3540 | D:6      | Slain by dscm's ghost

Skill      XL: |  1  2  3  4  5 |
---------------+----------------+-----
Fighting       | 4 5 |  5.2
Axes           | 4 5 |  5.5
Armour         | 3 4 |  4.5
Dodging        | |  2.3

Action                   |  1- 3 |  4- 6 || total
-------------------------+-------+-------++-------
Melee: Hand axe          |    96 |    71 ||   167
       Headbutt          |    14 |    13 ||    27
Invok: Berserk           |       |     1 ||     1
       Trog's Hand       |       |     1 ||     1
  Use: Scroll            |       |     1 ||     1
  Eat: Chunk             |     3 |     5 ||     8
Armor: Chain mail        |    57 |    38 ||    95
Dodge: Dodged            |    55 |    26 ||    81
Block: Buckler           |       |     4 ||     4
